TOP OF THE 1ST |
Hillsboro Hops batting - Pitching for Auburn Doubledays : RHP Brian Walker
|
Pitching: RHP Brian Walker
|
|
Batting: RHB Brandon Joshua
|
0-0: Called Strike 0-1: Ball 1-1: Ground out 5-3 (Groundball, 56, EV 90.0 MPH)
|
Batting: RHB Larry Hardman
|
0-0: Ball 1-0: Ball 2-0: Called Strike 2-1: Foul Ball, location: 2F 2-2: Strikes out looking
|
Batting: RHB Chad Mendoza
|
0-0: Called Strike 0-1: Ball 1-1: Swinging Strike 1-2: Ground out 4-3 (Groundball, 4, EV 88.1 MPH)
|
Top of the 1st over - 0 runs, 0 hits, 0 errors, 0 left on base; Hillsboro 0 - Auburn 0 |
BOTTOM OF THE 1ST |
Auburn Doubledays batting - Pitching for Hillsboro Hops : RHP Cody Savastand
|
Pitching: RHP Cody Savastand
|
|
Batting: RHB Justin Van Houten
|
0-0: Called Strike 0-1: Called Strike 0-2: Strikes out swinging
|
Batting: RHB Steve Bauman
|
0-0: Foul Ball, location: 2F 0-1: Swinging Strike 0-2: Strikes out swinging
|
Batting: LHB Kyung-jin Cho
|
0-0: DOUBLE (Line Drive, 7LM, EV 94.4 MPH)
|
Batting: RHB Nick Moreno
|
0-0: SINGLE (Groundball, 6D, EV 103.8 MPH) Kyung-jin Cho to third Runner from 3rd tries for Home, SAFE, throw by CF to home
|
Batting: LHB Yoshiya Kurokawa
|
0-0: Ball 1-0: Called Strike 1-1: Fly out, F7 (Flyball, 78M, EV 89.4 MPH)
|
Bottom of the 1st over - 1 run, 2 hits, 0 errors, 1 left on base; Hillsboro 0 - Auburn 1 |
TOP OF THE 2ND |
Hillsboro Hops batting - Pitching for Auburn Doubledays : RHP Brian Walker
|
Batting: LHB Dillon Rizzuto
|
0-0: Ball 1-0: Fly out, F8 (Flyball, 8LD, EV 97.5 MPH)
|
Batting: RHB Jeremy Coffey
|
0-0: Swinging Strike 0-1: Ball 1-1: Foul Ball, location: 2F 1-2: Strikes out looking
|
Batting: RHB Bryan Shuller
|
0-0: Foul Ball, location: 2F 0-1: Ground out 6-3 (Groundball, 6MS, EV 68.8 MPH)
|
Top of the 2nd over - 0 runs, 0 hits, 0 errors, 0 left on base; Hillsboro 0 - Auburn 1 |
BOTTOM OF THE 2ND |
Auburn Doubledays batting - Pitching for Hillsboro Hops : RHP Cody Savastand
|
Batting: RHB Naofumi Ishida
|
0-0: Ground out 4-3 (Groundball, 4, EV 88.1 MPH)
|
Batting: RHB Gabe Almazan
|
0-0: Ball 1-0: Ground out 5-3 (Groundball, 56, EV 108.8 MPH)
|
Batting: RHB Derek Moran
|
0-0: Fly out, F7 (Line Drive, 7, EV 105.6 MPH)
|
Bottom of the 2nd over - 0 runs, 0 hits, 0 errors, 0 left on base; Hillsboro 0 - Auburn 1 |
TOP OF THE 3RD |
Hillsboro Hops batting - Pitching for Auburn Doubledays : RHP Brian Walker
|
Batting: SHB Mike Kiefer
|
0-0: Ball 1-0: Ball 2-0: Swinging Strike 2-1: Ball 3-1: Base on Balls
|
Batting: RHB Trevor Corey
|
0-0: Ball 1-0: Grounds into double play, 6-4-3 (Groundball, 6, EV 103.1 MPH)
|
Batting: RHB Larry Valencia
|
0-0: Called Strike 0-1: Ball 1-1: Foul Ball, location: 2F 1-2: Fly out, F5 (Popup, 5S, EV 73.8 MPH)
|
Top of the 3rd over - 0 runs, 0 hits, 0 errors, 0 left on base; Hillsboro 0 - Auburn 1 |
BOTTOM OF THE 3RD |
Auburn Doubledays batting - Pitching for Hillsboro Hops : RHP Cody Savastand
|
Batting: RHB Alex Blanco
|
0-0: Called Strike 0-1: Ball 1-1: Foul Ball, location: 2F 1-2: Ground out 5-3 (Groundball, 56, EV 79.4 MPH)
|
Batting: RHB Justin Van Houten
|
0-0: Ground out 5-3 (Groundball, 56, EV 101.9 MPH)
|
Batting: RHB Steve Bauman
|
0-0: Ball 1-0: DOUBLE (Line Drive, 5D, EV 108.1 MPH)
|
Batting: LHB Kyung-jin Cho
|
0-0: Fly out, F2 (Popup, 2LF, EV 91.2 MPH)
|
Bottom of the 3rd over - 0 runs, 1 hit, 0 errors, 1 left on base; Hillsboro 0 - Auburn 1 |
TOP OF THE 4TH |
Hillsboro Hops batting - Pitching for Auburn Doubledays : RHP Brian Walker
|
Batting: RHB Brandon Joshua
|
0-0: Ball 1-0: Bunt missed! 1-1: Foul Ball, location: 2F 1-2: Strikes out swinging
|
Batting: RHB Larry Hardman
|
0-0: Ball 1-0: Foul Ball, location: 2F 1-1: Called Strike 1-2: Ball 2-2: Ball 3-2: Fly out, F9 (Flyball, 9, EV 80.0 MPH)
|
Batting: RHB Chad Mendoza
|
0-0: Called Strike 0-1: Foul Ball, location: 2F 0-2: Ball 1-2: Fly out, F7 (Flyball, 7LM, EV 93.1 MPH)
|
Top of the 4th over - 0 runs, 0 hits, 0 errors, 0 left on base; Hillsboro 0 - Auburn 1 |
BOTTOM OF THE 4TH |
Auburn Doubledays batting - Pitching for Hillsboro Hops : RHP Cody Savastand
|
Batting: RHB Nick Moreno
|
0-0: Called Strike 0-1: Fly out, F9 (Line Drive, 9, EV 104.4 MPH)
|
Batting: LHB Yoshiya Kurokawa
|
0-0: Swinging Strike 0-1: Reached on error, E8 (Line Drive, 8LD, EV 97.5 MPH)
|
Batting: RHB Naofumi Ishida
|
0-0: Ground out U3 (Groundball, 34, EV 91.2 MPH) Yoshiya Kurokawa to third
|
Batting: RHB Gabe Almazan
|
0-0: Ball 1-0: Ball 2-0: Ball Wild Pitch! Yoshiya Kurokawa scores 3-0: Called Strike 3-1: Base on Balls
|
Batting: RHB Derek Moran
|
0-0: Fly out, F8 (Line Drive, 8RM, EV 94.4 MPH)
|
Bottom of the 4th over - 1 run, 0 hits, 1 error, 1 left on base; Hillsboro 0 - Auburn 2 |
TOP OF THE 5TH |
Hillsboro Hops batting - Pitching for Auburn Doubledays : RHP Brian Walker
|
Batting: LHB Dillon Rizzuto
|
0-0: SOLO HOME RUN (Flyball, 78XD, EV 116.2 MPH), Distance : 441 ft
|
Batting: RHB Jeremy Coffey
|
0-0: Ball 1-0: Ball 2-0: Called Strike 2-1: SOLO HOME RUN (Flyball, 7D, EV 101.2 MPH), Distance : 392 ft
|
Batting: RHB Bryan Shuller
|
0-0: Ball 1-0: Ball 2-0: Ball 3-0: Called Strike 3-1: Base on Balls
|
Batting: SHB Mike Kiefer
|
0-0: Called Strike Bryan Shuller steals 2nd base 0-1: Ball 1-1: Ground out U3 (Groundball, 34, EV 85.0 MPH) Bryan Shuller to third
|
Batting: RHB Trevor Corey
|
0-0: Called Strike 0-1: Ground out 6-3 (Groundball, 6S, EV 90.6 MPH)
|
Batting: RHB Larry Valencia
|
0-0: Ball 1-0: Ball 2-0: Called Strike 2-1: Ball 3-1: Base on Balls
|
Batting: RHB Brandon Joshua
|
0-0: Reached on error, E5 (Groundball, 56, EV 99.4 MPH) Bryan Shuller scores Larry Valencia to second
|
Batting: RHB Larry Hardman
|
0-0: Ball 1-0: Called Strike 1-1: Ball 2-1: Ball 3-1: Foul Ball, location: 2F 3-2: Foul Ball, location: 2F 3-2: Strikes out swinging
|
Top of the 5th over - 3 runs, 2 hits, 1 error, 2 left on base; Hillsboro 3 - Auburn 2 |
BOTTOM OF THE 5TH |
Auburn Doubledays batting - Pitching for Hillsboro Hops : RHP Cody Savastand
|
Batting: RHB Alex Blanco
|
0-0: Ground out 6-3 (Groundball, 6S, EV 63.1 MPH)
|
Batting: RHB Justin Van Houten
|
0-0: Swinging Strike 0-1: Ball 1-1: Ball 2-1: Ball 3-1: Base on Balls
|
Batting: RHB Steve Bauman
|
0-0: Called Strike 0-1: Ball Justin Van Houten steals 2nd base (no throw) 1-1: Foul Ball, location: 2F 1-2: Fly out, F8 (Line Drive, 8LM, EV 88.8 MPH)
|
Batting: LHB Kyung-jin Cho
|
0-0: Ball 1-0: Ball 2-0: Ball 3-0: Called Strike 3-1: Called Strike 3-2: Ground out 3-1 (Groundball, 34S, EV 82.5 MPH)
|
Bottom of the 5th over - 0 runs, 0 hits, 0 errors, 1 left on base; Hillsboro 3 - Auburn 2 |
TOP OF THE 6TH |
Hillsboro Hops batting - Pitching for Auburn Doubledays : RHP Brian Walker
|
Batting: RHB Chad Mendoza
|
0-0: Foul Ball, location: 2F 0-1: Fly out, F7 (Line Drive, 7, EV 91.9 MPH)
|
Pitching: RHP Halewijn Bos
|
|
Batting: LHB Dillon Rizzuto
|
0-0: Ball 1-0: Ball 2-0: Ball 3-0: Foul Ball, location: 2F 3-1: Base on Balls
|
Batting: RHB Jeremy Coffey
|
0-0: Foul Ball, location: 2F 0-1: Ball 1-1: Foul Ball, location: 2F 1-2: Foul Ball, location: 2F 1-2: Ball 2-2: SINGLE (Groundball, 3D, EV 105.6 MPH) Dillon Rizzuto to second Runner from 2nd tries for 3rd, SAFE, throw by RF made to third Jeremy Coffey to second
|
Batting: RHB Bryan Shuller
|
0-0: Called Strike 0-1: Ball 1-1: Foul Ball, location: 2F 1-2: Strikes out swinging
|
Batting: SHB Mike Kiefer
|
0-0: Ball 1-0: Ground out 4-3 (Groundball, 4, EV 85.0 MPH)
|
Top of the 6th over - 0 runs, 1 hit, 0 errors, 2 left on base; Hillsboro 3 - Auburn 2 |
BOTTOM OF THE 6TH |
Auburn Doubledays batting - Pitching for Hillsboro Hops : RHP Cody Savastand
|
Batting: RHB Nick Moreno
|
0-0: Ground out 3-1 (Groundball, 34, EV 83.1 MPH)
|
Batting: LHB Yoshiya Kurokawa
|
0-0: Ball 1-0: Ball 2-0: Fly out, F7 (Line Drive, 7, EV 88.8 MPH)
|
Batting: RHB Naofumi Ishida
|
0-0: SINGLE (Line Drive, 9S, EV 93.1 MPH)
|
Batting: RHB Gabe Almazan
|
0-0: Called Strike 0-1: Called Strike 0-2: Ball 1-2: Ground out 6-3 (Groundball, 6, EV 81.9 MPH)
|
Bottom of the 6th over - 0 runs, 1 hit, 0 errors, 1 left on base; Hillsboro 3 - Auburn 2 |
TOP OF THE 7TH |
Hillsboro Hops batting - Pitching for Auburn Doubledays : RHP Halewijn Bos
|
Pitching: LHP Mike Bigos
|
|
Batting: RHB Trevor Corey
|
0-0: Called Strike 0-1: Ball 1-1: Swinging Strike 1-2: Fly out, F7 (Line Drive, 7D, EV 97.5 MPH)
|
Batting: RHB Larry Valencia
|
0-0: Foul Ball, location: 2F 0-1: Ball 1-1: Called Strike 1-2: Strikes out swinging
|
Batting: RHB Brandon Joshua
|
0-0: Ball 1-0: DOUBLE (Flyball, 89XD, EV 100.6 MPH)
|
Batting: RHB Larry Hardman
|
0-0: Called Strike 0-1: Foul Ball, location: 2F 0-2: Ball Wild Pitch! Brandon Joshua to third 1-2: Strikes out swinging
|
Top of the 7th over - 0 runs, 1 hit, 0 errors, 1 left on base; Hillsboro 3 - Auburn 2 |
BOTTOM OF THE 7TH |
Auburn Doubledays batting - Pitching for Hillsboro Hops : RHP Cody Savastand
|
Now at 1B: Larry Valencia
|
|
Now at 3B: Jeremy Adams
|
|
Batting: RHB Derek Moran
|
0-0: Fly out, F5 (Line Drive, 5, EV 71.2 MPH)
|
Batting: RHB Alex Blanco
|
0-0: Ball 1-0: Ball 2-0: Foul Ball, location: 2F 2-1: Ground out 6-3 (Groundball, 56S, EV 66.2 MPH)
|
Batting: RHB Justin Van Houten
|
0-0: Called Strike 0-1: Foul Ball, location: 2F 0-2: Strikes out swinging
|
Bottom of the 7th over - 0 runs, 0 hits, 0 errors, 0 left on base; Hillsboro 3 - Auburn 2 |
TOP OF THE 8TH |
Hillsboro Hops batting - Pitching for Auburn Doubledays : LHP Mike Bigos
|
Pitching: LHP Kevin Besser
|
|
Batting: RHB Chad Mendoza
|
0-0: Ball 1-0: Ball 2-0: Called Strike 2-1: Fly out, F7 (Flyball, 7S, EV 87.5 MPH)
|
Batting: RHB Jeremy Adams
|
0-0: Ball 1-0: Called Strike 1-1: Ball 2-1: Foul Ball, location: 2F 2-2: DOUBLE (Flyball, 89XD, EV 106.9 MPH)
|
Batting: RHB Jeremy Coffey
|
0-0: Ball 1-0: Foul Ball, location: 2F 1-1: Foul Ball, location: 2F 1-2: Strikes out swinging
|
Batting: RHB Bryan Shuller
|
0-0: Ball 1-0: Ball 2-0: Foul Ball, location: 2F 2-1: Foul Ball, location: 2F 2-2: Ball 3-2: Base on Balls
|
Batting: SHB Mike Kiefer
|
0-0: Fly out, F7 (Flyball, 7LM, EV 72.5 MPH)
|
Top of the 8th over - 0 runs, 1 hit, 0 errors, 2 left on base; Hillsboro 3 - Auburn 2 |
BOTTOM OF THE 8TH |
Auburn Doubledays batting - Pitching for Hillsboro Hops : RHP Cody Savastand
|
Batting: RHB Steve Bauman
|
0-0: SINGLE (Groundball, 25, EV 73.1 MPH) (infield hit)
|
Batting: LHB Kyung-jin Cho
|
0-0: Ball 1-0: Foul Ball, location: 2F 1-1: Ball 2-1: Foul Ball, location: 2F 2-2: Foul Ball, location: 2F 2-2: Foul Ball, location: 2F 2-2: Ball 3-2: Strikes out swinging
|
Pitching: RHP John Petersen
|
|
Batting: RHB Nick Moreno
|
0-0: Called Strike 0-1: Foul Ball, location: 2F 0-2: Ball 1-2: Ball 2-2: Strikes out swinging
|
Batting: LHB Yoshiya Kurokawa
|
0-0: Ball 1-0: Ball 2-0: Ball 3-0: Base on Balls Steve Bauman to second
|
Pinch Runner at 2nd Leo Gutierrez:
|
|
Batting: RHB Naofumi Ishida
|
0-0: Ball 1-0: Ball 2-0: Ball 3-0: Base on Balls Leo Gutierrez to third Yoshiya Kurokawa to second
|
Batting: RHB Gabe Almazan
|
0-0: Swinging Strike 0-1: Ball 1-1: Ball 2-1: Ball 3-1: Base on Balls Leo Gutierrez scores Yoshiya Kurokawa to third Naofumi Ishida to second
|
Pitching: RHP Shigezo Shoji
|
|
Pinch Hitting: LHB Vince McLane
|
0-0: Ball 1-0: Ball Wild Pitch! Yoshiya Kurokawa scores Naofumi Ishida to third Gabe Almazan to second 2-0: Foul Ball, location: 2F 2-1: SINGLE (Flyball, 89S, EV 87.5 MPH) Naofumi Ishida scores Gabe Almazan to third Runner from 3rd tries for Home, SAFE, throw by CF to home Vince McLane to second
|
Pitching: LHP Heath Henderson
|
|
Batting: RHB Alex Blanco
|
0-0: Ball 1-0: Ball 2-0: Swinging Strike 2-1: Ground out 4-3 (Groundball, 4, EV 98.8 MPH)
|
Bottom of the 8th over - 4 runs, 2 hits, 0 errors, 1 left on base; Hillsboro 3 - Auburn 6 |
TOP OF THE 9TH |
Hillsboro Hops batting - Pitching for Auburn Doubledays : LHP Kevin Besser
|
Pitching: RHP Chris Lawrence
|
|
Now at 3B: Brian Walker
|
|
Batting: RHB Trevor Corey
|
0-0: Called Strike 0-1: Ball 1-1: Ball 2-1: SOLO HOME RUN (Flyball, 7LD, EV 91.9 MPH), Distance : 359 ft
|
Pinch Hitting: LHB Soo-yeon Kym
|
0-0: Ball 1-0: Ground out 4-3 (Groundball, 4M, EV 103.1 MPH)
|
Pinch Hitting: RHB Yasuo Nakata
|
0-0: Ball 1-0: Ball 2-0: Fly out, F4 (Popup, 4S, EV 85.0 MPH)
|
Batting: RHB Larry Hardman
|
0-0: Swinging Strike 0-1: Reached on error, E6 (Groundball, 6, EV 89.4 MPH)
|
Batting: RHB Chad Mendoza
|
0-0: Ball 1-0: Ball 2-0: Ball 3-0: Base on Balls
|
Batting: RHB Jeremy Adams
|
0-0: Ball 1-0: Foul Ball, location: 2F 1-1: Ground out 4-3 (Groundball, 4MS, EV 92.5 MPH)
|
Top of the 9th over - 1 run, 1 hit, 1 error, 2 left on base; Hillsboro 4 - Auburn 6 |
|